 Dungeon Crawl Stone Soup version 0.30-a0-715-gdb4ae3ece1 (webtiles) character file.

Game seed: 3185135089702387744

6281 Shayle the Trooper (level 10, -9/79 HPs)
             Began as a Demonspawn Reaver on Jan 24, 2023.
             Was a Follower of Ashenzari.
             Mangled by a large abomination (16 damage)
             ... in a Gauntlet.
             The game lasted 00:22:55 (8124 turns).

Shayle the Trooper (Demonspawn Reaver)              Turns: 8124, Time: 00:22:55

Health: -9/79      AC: 16    Str: 19    XL:     10   Next: 63%
Magic:  15/15      EV: 11    Int: 18    God:    Ashenzari [*.....]
Gold:   377        SH:  0    Dex: 12    Spells: 5/16 levels left

rFire   . . .      SeeInvis .    u - +8 hammer "Sarcophage" {flame, *Slow rPois rCorr}
rCold   + . .      Faith    .    (no shield)
rNeg    . . .      Spirit   .    c - +3 ring mail
rPois   +          Reflect  .    (no helmet)
rElec   .          Harm     .    t - +0 cloak
rCorr   +          Rampage  .    n - +0 pair of gloves of Ashenzari's Black Moon {Bglg, Cun} (curse)
Will    .....      NoTele   +    w - +1 pair of boots
Stlth   ++                       (no amulet)
HPRegen 0.33/turn                p - +6 ring of strength
MPRegen 0.14/turn                B - ring of Ashenzari's Gnosis {rC+, Alch, Fort} (curse)

@: no status effects
A: claws 2, yellow scales 1, foul stench 1, spiny 1
a: Renounce Religion, Shatter the Chains


You were in a Gauntlet.
You worshipped Ashenzari.
Ashenzari was aware of your devotion.
You visited 3 branches of the dungeon, and saw 10 of its levels.
You also visited: Gauntlet.

You collected 377 gold pieces.

Inventory:

Hand Weapons
 a - a +1 spear
 m - the +2 spear of Infinite Pain {distort, Will+ rCorr Str+2 Int+3}
   (You found it on level 2 of the Dungeon)

   Str:       It affects your strength (+2).
   Int:       It affects your intelligence (+3).
   rCorr:     It protects you from acid and corrosion.
   Will:      It increases your willpower.
 o - a +4 quarterstaff of chaos
 r - a +2 dagger of draining
 u - the +8 hammer "Sarcophage" (weapon) {flame, *Slow rPois rCorr}
   (You found it on level 3 of the Dungeon)

   rPois:     It protects you from poison.
   rCorr:     It protects you from acid and corrosion.
   *Slow:     It may slow you when you take damage.
 H - a +4 rapier of venom
Missiles
 f - 11 poisoned darts (quivered)
Armour
 b - a +0 leather armour
 c - a +3 ring mail (worn)
 n - the cursed +0 pair of gloves of Ashenzari's Black Moon (worn) {Bglg, Cun}
   (You found it on level 8 of the Dungeon)

   It has a curse which improves the following skills: Beguiling: Conjurations,
   Hexes and Translocations.
   Cunning:   Dodging and Stealth.
 t - a +0 cloak (worn)
 w - a +1 pair of boots (worn)
 N - +0 acid dragon scales
Jewellery
 j - a ring of fire
 p - a +6 ring of strength (left hand)
 B - the cursed ring of Ashenzari's Gnosis (right hand) {rC+, Alch, Fort}
   (You found it on level 5 of the Dungeon)

   [ring of protection from cold]

   rC:        It protects you from cold.
   It has a curse which improves the following skills: Alchemy: Poison Magic and
   Transmutations.
   Fortitude: Armour and Shields.
 L - a ring of protection from cold
 O - a +6 ring of strength
 P - a ring of fire
Wands
 C - a wand of charming (2)
 G - a wand of flame (14)
 K - a wand of acid (7)
Scrolls
 d - 5 scrolls of vulnerability
 g - 3 scrolls of poison
 h - 3 scrolls of enchant weapon
 i - 2 scrolls of immolation
 l - 8 scrolls of teleportation
 s - 2 scrolls of amnesia
 y - 3 scrolls of noise
 F - 2 scrolls of identify
Potions
 k - a potion of mutation
 q - a potion of haste
 v - a potion of lignification
 x - 3 potions of cancellation
 z - 2 potions of magic
 A - 4 potions of flight
 D - a potion of invisibility
 E - a potion of brilliance
 I - 3 potions of ambrosia
 M - a potion of resistance


   Skills:
 + Level 7.2 Fighting
 - Level 5.2 Maces & Flails
 - Level 4.0 Polearms
 + Level 6.1(7.0) Armour
 - Level 1.7(2.4) Dodging
 - Level 5.3(6.1) Stealth
 - Level 3.2(4.0) Shields
 - Level 3.9 Spellcasting
 - Level 3.0(3.7) Conjurations
 - Level 5.3(6.1) Hexes
 + Level 3.4(4.2) Transmutations
 + Level 0.8 Earth Magic
 - Level 3.5(4.3) Poison Magic


You had 5 spell levels left.
You knew the following spells:

 Your Spells              Type           Power      Damage    Failure   Level
a - Kiss of Death         Conj/Necr      40%        2d8       11%         1
b - Mephitic Cloud        Conj/Pois/Air  13%        N/A       24%         3
c - Fulminant Prism       Conj/Hex       10%        3d9       30%         4
d - Stone Arrow           Conj/Erth      22%        3d8       28%         3

Your spell library contained the following spells:

 Spells                   Type           Power      Damage    Failure   Level
 Beastly Appendage        Tmut           36%        N/A       4%          1
 Magic Dart               Conj           68%        1d6       5%          1
 Wereblood                Tmut           18%        N/A       6%          2
 Confusing Touch          Hex            25%        N/A       6%          3
 Searing Ray              Conj           34%        2d5       8%          2
 Spider Form              Tmut/Pois      18%        N/A       12%         3
 Momentum Strike          Conj/Tloc      20%        3d8       17%         2
 Hailstorm                Conj/Ice       10%        3d5       32%         3
 Call Imp                 Summ           3%         N/A       36%         2
 Leda's Liquefaction      Hex/Erth       8%         N/A       50%         4
 Frozen Ramparts          Ice            6%         1d1       58%         3
 Ice Form                 Ice/Tmut       11%        N/A       69%         4
 Blade Hands              Tmut           9%         N/A       75%         5
 Irradiate                Conj/Tmut      8%         3d14      78%         5
 Animate Armour           Summ/Erth      10%        N/A       89%         4
 Dispel Undead            Necr           3%         3d7       94%         4
 Summon Ice Beast         Ice/Summ       3%         N/A       94%         4
 Freezing Cloud           Conj/Ice/Air   4%         6-21      99%         5
 Simulacrum               Ice/Necr       1%         N/A       100%        6
 Dragon Form              Tmut           9%         N/A       100%        7
 Lehudib's Crystal Spear  Conj/Erth      5%         10d3      100%        8


Dungeon Overview and Level Annotations

Branches:
Dungeon (8/15)             Temple (1/1) D:7            Lair (1/5) D:8
Gauntlet (1/1)

Altars:
Ashenzari
Cheibriados
Dithmenos
Fedhas
Gozag
Hepliaklqana
Kikubaaqudgha
Makhleb
Nemelex Xobeh
Okawaru
Qazlal
Ru
Sif Muna
Trog
Uskayaw
Vehumet
Wu Jian
Xom
Yredelemnul

Annotations:
D:7 2 runed translucent doors, crux's ghost, novice OpTm
Lair:1 3 runed translucent doors Gauntlet 9 transporters, exclusion: oklob plant


Innate Abilities, Weirdness & Mutations

You have very sharp fingernails.
You are partially covered in yellow scales. (AC +2)
You may rarely emit foul miasma when damaged in melee.
You are partially covered in sharp spines.


Message History

You enter the transporter and appear at another place.
The large abomination hits you!
You hit the large abomination but do no damage.
The large abomination is lightly damaged.
The large abomination closely misses you.
Okay, then.
Okay, then.
There are monsters nearby!
Unknown command.
Aiming: Corrosive Bolt
Press: ? - help, Shift-Dir - straight line, f - small abomination
Aim: a small abomination (moderately damaged, 75% to hit)
The bolt of acid hits the large abomination!
The large abomination is moderately damaged.
The bolt of acid hits the small abomination!
The acid corrodes the small abomination!
The small abomination is severely damaged.
The large abomination is struck by your spines.
The large abomination hits you!
You emit a cloud of foul miasma!
You hit the large abomination but do no damage.
The large abomination is heavily damaged.
The large abomination closely misses you.
The large abomination hits you!
You sock the large abomination! You burn the large abomination.
The large abomination is severely damaged.
The large abomination is struck by your spines.
The large abomination closely misses you.
You feel better. The large abomination hits you!!
* * * LOW HITPOINT WARNING * * *
Aiming: Corrosive Bolt
Press: ? - help, Shift-Dir - straight line, f/p - small abomination
Aim: a small abomination (severely damaged, covered in acid, 75% to hit)
The bolt of acid hits the large abomination.
The acid corrodes the large abomination!
The large abomination is almost destroyed.
The bolt of acid hits the small abomination!!
The small abomination seems to be corroded for longer.
You destroy the small abomination!
The large abomination hits you!
You die...

#################
#≈.............≈#
###...............###
#8#..###########..#8#
###..#.........#..###
#....#.#.#.#.#.#....#
#....#..#.#.#..#....#
#..###.#.#.#.#x###..#
#..#©#..#.©.#xX#@#..### ###
#..#.#.#.#.#.#x#X#..#8# #8#
#..#.#..#.#.#.)#.#..###########
...#.#.#.#.#.#.#.#..........#8#
...#.#.........#.#..........#####
####.###########.#########.....§#
.....#≈§§≈8§≈≈≈#........©#......#
####.###########.#############..#
.#.#.#..p5.....#.#.#..#.##Eh##..#


You could see 2 large abominations and 3 small abominations.

Vanquished Creatures
  A cyclops (D:7)
  A rime drake (D:8)
  2 komodo dragons
  A polar bear (D:8)
  Eustachio (D:6)
  A basilisk (Lair:1)
  A steam dragon (D:7)
  A vampire mosquito (D:7)
  Menkaure (D:5)
  2 small abominations (Gauntlet)
  2 acid dragons (Gauntlet)
  3 water moccasins
  2 sky beasts
  2 orc warriors
  3 ice beasts (D:8)
  A black bear (D:4)
  A wolf (D:8)
  2 ogres
  A centaur (D:7)
  A phantom (D:5)
  5 bullfrogs
  2 kobold brigands (D:8)
  A necrophage (D:7)
  A gnoll sergeant (D:6)
  2 scorpions
  2 wights
  6 killer bees (D:8)
  2 howler monkeys (D:7)
  Crazy Yiuf (D:3)
  4 hounds
  2 orc priests
  4 iguanas
  Jessica (D:3)
  2 orc wizards
  8 gnolls
  7 adders
  A white imp (D:7)
  An ufetubus (D:7)
  A worm (D:3)
  2 dart slugs
  31 orcs
  4 endoplasms (D:1)
  A giant cockroach (D:3)
  5 goblins
  4 hobgoblins
  2 jackals (D:4)
  13 kobolds
  6 quokkas
  10 ball pythons
  6 bats
  2 frilled lizards
  4 rats
173 creatures vanquished.

Vanquished Creatures (collateral kills)
  A kobold demonologist (D:7)
  A slime creature (D:7)
  A vampire mosquito (D:7)
  An acid dragon (D:7)
  A centaur (D:7)
5 creatures vanquished.

Vanquished Creatures (others)
  An ugly thing (D:7)
  A vampire mosquito (D:7)
  An orc (D:4)
  5 demonic plants (Gauntlet)
  6 fungi (Gauntlet)
  21 plants
35 creatures vanquished.

Grand Total: 213 creatures vanquished

Notes
Turn   | Place    | Note
-------+----------+-------------------------------------------
     0 | D:1      | Shayle the Demonspawn Reaver began the quest for the Orb.
     0 | D:1      | Reached XP level 1. HP: 16/16 MP: 3/3
   142 | D:1      | Gained mutation: You may rarely emit foul miasma when
                  | damaged in melee. [demonic ancestry]
   142 | D:1      | Reached XP level 2. HP: 22/22 MP: 5/5
   689 | D:2      | Found a sparkling altar of Nemelex Xobeh.
   755 | D:2      | Identified the +2 spear of Infinite Pain {distort, Will+
                  | rCorr Str+2 Int+3}
  1193 | D:2      | Reached skill level 1 in Stealth
  1193 | D:2      | Reached skill level 1 in Hexes
  1193 | D:2      | Gained mutation: You have sharp fingernails. [demonic
                  | ancestry]
  1193 | D:2      | Reached XP level 3. HP: 28/28 MP: 6/6
  1265 | D:3      | Found a runed translucent door.
  1266 | D:3      | Noticed Crazy Yiuf
  1292 | D:3      | Reached skill level 1 in Armour
  1333 | D:3      | Noticed Jessica
  1345 | D:3      | Killed Jessica
  1346 | D:3      | Gained mutation: You are partially covered in sharp spines.
                  | [demonic ancestry]
  1346 | D:3      | Reached XP level 4. HP: 33/34 MP: 7/7
  1709 | D:3      | Found a snail-covered altar of Cheibriados.
  1918 | D:3      | Killed Crazy Yiuf
  1919 | D:3      | Gained mutation: You have very sharp fingernails. [demonic
                  | ancestry]
  1919 | D:3      | Reached XP level 5. HP: 12/40 MP: 8/8
  1921 | D:3      | Identified the +8 hammer "Sarcophage" {flame, *Slow rPois
                  | rCorr}
  2054 | D:4      | Noticed an ogre
  2059 | D:4      | Killed an ogre
  2060 | D:4      | Reached skill level 3 in Fighting
  2187 | D:4      | Reached XP level 6. HP: 38/47 MP: 9/9
  2693 | D:5      | Entered Level 5 of the Dungeon
  2740 | D:5      | Reached XP level 7. HP: 44/53 MP: 10/10
  2974 | D:5      | Reached skill level 4 in Fighting
  2974 | D:5      | Reached skill level 1 in Maces & Flails
  3030 | D:5      | Noticed Menkaure
  3041 | D:5      | Killed Menkaure
  3932 | D:6      | Reached XP level 8. HP: 38/61 MP: 11/11
  4295 | D:6      | Noticed Eustachio
  4311 | D:6      | Killed Eustachio
  4561 | D:7      | Reached skill level 5 in Fighting
  4598 | D:7      | Found a large runed translucent door.
  4598 | D:7      | Found a large runed translucent door.
  4602 | D:7      | Noticed crux's ghost (novice OpTm)
  4879 | D:7      | Found a staircase to the Ecumenical Temple.
  4897 | Temple   | Entered the Ecumenical Temple
  5018 | Temple   | Became a worshipper of Ashenzari the Shackled
  5476 | D:7      | Reached skill level 5 in Hexes
  5478 | D:7      | Reached skill level 5 in Stealth
  5493 | D:7      | Gained mutation: You are partially covered in yellow
                  | scales. (AC +2) [demonic ancestry]
  5493 | D:7      | Reached XP level 9. HP: 63/68 MP: 12/12
  5569 | D:7      | Noticed a komodo dragon
  5943 | D:8      | Noticed a rime drake
  5952 | D:8      | Found a staircase to the Lair.
  5957 | D:8      | Reached skill level 5 in Armour
  5957 | D:8      | Noticed a polar bear
  5968 | D:8      | Reached skill level 6 in Fighting
  5968 | D:8      | Reached skill level 1 in Shields
  5968 | D:8      | Reached skill level 1 in Transmutations
  5968 | D:8      | Reached skill level 1 in Poison Magic
  6261 | D:7      | Killed a komodo dragon
  6458 | D:7      | Noticed a white ugly thing
  6459 | D:7      | Noticed a cyclops
  6459 | D:7      | Noticed a kobold demonologist
  6468 | D:7      | Killed a kobold demonologist
  6474 | D:7      | Reached XP level 10. HP: 77/77 MP: 14/14
  6490 | D:7      | Killed a cyclops
  6977 | D:8      | Reached skill level 5 in Maces & Flails
  7502 | Lair:1   | Entered Level 1 of the Lair of Beasts
  7514 | Lair:1   | Reached skill level 7 in Fighting
  7607 | Lair:1   | Found a runed translucent gate.
  7607 | Lair:1   | Found a runed translucent gate.
  7608 | Lair:1   | Found a runed translucent gate.
  7663 | Lair:1   | Found a gate leading to a gauntlet.
  7672 | Gauntlet | Entered a Gauntlet
  7672 | Gauntlet | Found a transporter.
  7672 | Gauntlet | Found a transporter.
  7690 | Gauntlet | Reached * piety under Ashenzari
  7702 | Gauntlet | Noticed a shining eye
  7712 | Gauntlet | Found a transporter.
  7712 | Gauntlet | Found a transporter.
  7714 | Gauntlet | Noticed a wizard
  7718 | Gauntlet | Noticed a moth of wrath
  7725 | Gauntlet | Found a transporter.
  7739 | Gauntlet | Noticed an oklob plant
  7744 | Gauntlet | Found a transporter.
  7759 | Gauntlet | Found a transporter.
  7765 | Gauntlet | Found a transporter.
  7765 | Gauntlet | Noticed a death yak
  7766 | Gauntlet | Noticed a death yak
  7766 | Gauntlet | Noticed a death yak
  7766 | Gauntlet | Noticed a death yak
  7767 | Gauntlet | Noticed a death yak
  7767 | Gauntlet | Noticed a death yak
  7767 | Gauntlet | Identified the ring "Etuut Neji" {Fly Int+3}
  7767 | Gauntlet | Noticed a necromancer
  7769 | Gauntlet | Found a transporter.
  7769 | Gauntlet | Found a transporter.
  7802 | Gauntlet | Found a transporter.
  7805 | Gauntlet | Noticed a large abomination
  7844 | Gauntlet | Identified the Treatise on Detritus and the Deep Freeze
  7859 | Gauntlet | Found a transporter.
  7873 | Gauntlet | Noticed a large abomination
  7876 | Gauntlet | Found a transporter.
  7945 | Gauntlet | Learned a level 3 spell: Mephitic Cloud
  7950 | Gauntlet | Learned a level 4 spell: Fulminant Prism
  7954 | Gauntlet | Learned a level 3 spell: Stone Arrow
  8124 | Gauntlet | Mangled by a large abomination

Illustrated notes

Levels and vault maps discovered:
D:1:      ncdulo_watergridlock, layout_rooms, kennysheep_decorative_pillar,
          serial_bayou_lagoon_a, kennysheep_flooded_box
D:2:      layout_loops_cross, basic_altar, chequers_jeans
D:3:      layout_rooms, chei_slow_surprise, uniq_jessica,
          uniq_crazy_yiuf_cottage
D:4:      layout_cave_pools
D:5:      layout_basic, uniq_menkaure
D:6:      layout_basic, reono_crystal_passage, uniq_eustachio
D:7:      minmay_the_grid_triangle_9x9_rhombus_full
          [minmay_the_grid_triangle_9x9_checkered,
          minmay_the_grid_triangle_9x9_negative_grid,
          minmay_the_grid_triangle_9x9_impossible_snake,
          minmay_the_grid_triangle_9x9_sprig,
          minmay_the_grid_triangle_9x9_swiss_cheese,
          minmay_the_grid_triangle_9x9_warning,
          minmay_the_grid_triangle_9x9_from_above,
          minmay_the_grid_triangle_9x9_prize_center], layout_loops_ring,
          minmay_temple_entry_purple_smoke, ebering_ghost_disaster_area
D:8:      layout_basic, hellmonk_lair_entry_icy
Temple:   kilobyte_greek_temple
Lair:1:   layout_regular_city, gauntlet_entry_generic,
          ebering_ghost_rock_garden, serial_bayou_shore_a, grunt_megastairs_5,
          uniq_sonja
Gauntlet: gammafunk_gauntlet_branching [gammafunk_gauntlet_arena_arrow_garden,
          gammafunk_gauntlet_arena_chambers, gammafunk_gauntlet_arena_grid,
          gammafunk_gauntlet_arena_hedges, nicolae_gauntlet_arena_flowing_pool,
          nicolae_gauntlet_arena_quarters, gammafunk_gauntlet_arena_mazey,
          nicolae_gauntlet_arena_t_cross, gauntlet_exit_watery]

Skill      XL: |  1  2  3  4  5  6  7  8  9 10 |
---------------+-------------------------------+-----
Polearms       | 3 4 |  4.0
Stealth        | 1 2 3 5 |  5.3
Hexes          | 1 2 3 5 |  5.3
Armour         | 1 2 3 4 5 6 |  6.1
Fighting       | 3 4 5 6 7 |  7.2
Maces & Flails | 2 3 4 5 |  5.2
Shields        | 2 3 |  3.2
Transmutations | 2 3 |  3.4
Poison Magic   | 2 3 |  3.5
Spellcasting   | 3 |  3.9
Dodging        | |  1.7
Conjurations   | |  3.0
Earth Magic    | |  0.8

Action                     |  1- 3 |  4- 6 |  7- 9 | 10-12 || total
---------------------------+-------+-------+-------+-------++-------
  Melee: Spear             |   108 |    36 |       |       ||   144
         Punch             |       |     1 |     2 |     1 ||     4
         Mace              |       |    47 |   153 |    77 ||   277
  Throw: Dart              |       |       |    11 |       ||    11
 Invoke: Curse Item        |       |       |     1 |     1 ||     2
  Evoke: Wand              |       |       |     5 |     4 ||     9
    Use: Scroll            |     1 |     5 |     3 |     4 ||    13
         Potion            |       |     2 |     3 |     1 ||     6
   Stab: Sleeping          |       |       |     2 |       ||     2
 Armour: Ring mail         |    53 |    44 |    95 |    69 ||   261
  Dodge: Dodged            |    56 |    51 |   112 |    66 ||   285

Table legend: (Time is in decaauts)
 A = Elapsed time spent in this place.
 B = Non-inter-level travel time spent in this place.
 C = Inter-level travel time spent in this place.
 D = Time resting spent in this place.
 E = Time spent auto-exploring this place.
 F = Levels seen in this place.
 G = Mean time per level.
                   A        B        C        D        E       F      G
               +--------+--------+--------+--------+--------+-----+--------+
         Total |   8179 |   7842 |    337 |   1041 |   4562 |  11 |  743.5 |
       Dungeon |   7313 |   7022 |    291 |    885 |   4384 |   8 |  914.1 |
        Temple |    237 |    191 |     46 |      0 |    178 |   1 |  237.0 |
          Lair |    172 |    172 |      0 |     67 |      0 |   1 |  172.0 |
      Gauntlet |    454 |    454 |      0 |     89 |      0 |   1 |  454.0 |
               +--------+--------+--------+--------+--------+-----+--------+

Top non-repeatable levels by time:
     D:7: 1743 daAuts
     D:8: 1004 daAuts
     D:6: 1002 daAuts
     D:5: 857 daAuts
     D:3: 822 daAuts
     D:4: 663 daAuts
     D:1: 614 daAuts
     D:2: 606 daAuts
Gauntlet: 454 daAuts
  Temple: 237 daAuts
  Lair:1: 172 daAuts
